 Dungeon Crawl Stone Soup version 0.29-a0-393-g47a863cc1b (webtiles) character file.

Game seed: 16519191201630260810

4211 hquester the Slicer (level 10, -8/69 HPs)
             Began as a Gargoyle Fighter on May 10, 2022.
             Was a Follower of Okawaru.
             Mangled by a two-headed ogre
             ... wielding a +0 giant club
              (20 damage)
             ... on level 8 of the Dungeon.
             The game lasted 00:51:18 (8036 turns).

hquester the Slicer (Gargoyle Fighter)              Turns: 8036, Time: 00:51:19

Health: -8/69      AC: 17    Str: 24    XL:     10   Next: 29%
Magic:  19/19      EV:  9    Int: 11    God:    Okawaru [*.....]
Gold:   447        SH:  5    Dex: 13    Spells: 9/9 levels left

rFire   . . .      SeeInvis .   d - +10 flail of Ypnuj {venom, rN+ rCorr Str+4}
rCold   . . .      Faith    .   c - +0 buckler
rNeg    + + .      Spirit   .   a - +0 chain mail
rPois   ∞          Reflect  .   (no helmet)
rElec   +          Harm     .   (no cloak)
rCorr   +          Rampage  .   (no gloves)
Will    .....                   (no boots)
Stlth   ..........              (no amulet)
HPRegen 0.21/turn               y - ring of magical power
MPRegen 0.16/turn               (no ring)

@: about to teleport
A: sickness immunity, AC +7, negative energy resistance 1, electricity
resistance, torment resistance 1, petrification resistance, clever 1, robust 1
a: Renounce Religion, Heroism


You were on level 8 of the Dungeon.
You worshipped Okawaru.
Okawaru was aware of your devotion.
You visited 2 branches of the dungeon, and saw 9 of its levels.
You also visited: Sewer.

You collected 447 gold pieces.

Inventory:

Hand Weapons
 b - a +3 whip of electrocution
 d - the +10 flail of Ypnuj (weapon) {venom, rN+ rCorr Str+4}
   (You took it off an orc on level 8 of the Dungeon)

   It poisons the flesh of those it strikes.
   Str:       It affects your strength (+4).
   rN:        It protects you from negative energy.
   rCorr:     It protects you from acid and corrosion.
 i - a +5 morningstar
 s - the +6 rapier of Dagorphu {speed, Will+}
   (You found it on level 3 of the Dungeon)

   Attacks with this weapon are significantly faster.
   Will:      It increases your willpower.
 v - a +6 club of electrocution
Missiles
 h - 219 stones (quivered)
Armour
 a - a +0 chain mail (worn)
 c - a +0 buckler (worn)
 p - a scarf of invisibility
Jewellery
 y - a ring of magical power (left hand)
Wands
 e - a wand of mindburst (22)
 k - a wand of flame (28)
 u - a wand of polymorph (19)
 B - a wand of digging (5)
Scrolls
 g - 8 scrolls of identify
 j - 2 scrolls of fear
 l - a scroll of brand weapon
 r - a scroll of enchant weapon
 x - 2 scrolls of teleportation
Potions
 f - a potion of haste
 m - 2 potions of brilliance
 n - 3 potions of curing
 o - 3 potions of magic
 q - a potion of invisibility
 t - a potion of cancellation
 w - a potion of heal wounds
 z - a potion of ambrosia


   Skills:
 + Level 7.4 Fighting
 + Level 9.5(9.6) Short Blades
 + Level 1.8(6.2) Long Blades
 + Level 1.0 Maces & Flails
 + Level 7.0 Armour
 + Level 2.4 Dodging
 + Level 2.0 Stealth
 + Level 6.0 Shields


You had 9 spell levels left.
You didn't know any spells.
Your spell library contained the following spells:

 Spells                   Type           Power      Damage    Failure   Level
 Freeze                   Ice            0%         1d3       95%         1
 Magic Dart               Conj           0%         1d3       95%         1
 Searing Ray              Conj           0%         2d4       99%         2
 Static Discharge         Conj/Air       0%         N/A       99%         2
 Wereblood                Tmut           0%         N/A       99%         2
 Frozen Ramparts          Ice            0%         1d2       100%        3
 Ignite Poison            Fire/Tmut/Pois 0%         N/A       100%        3
 Mephitic Cloud           Conj/Pois/Air  0%         N/A       100%        3
 Fulminant Prism          Conj/Hex       0%         3d6       100%        4
 Hailstorm                Conj/Ice       0%         3d3       100%        4
 Freezing Cloud           Conj/Ice/Air   0%         6-21      100%        5
 Lightning Bolt           Conj/Air       0%         1d11      100%        5
 Maxwell's Capacitive Co  Air            0%         ∞         100%        8
 Summon Small Mammal      Summ           Unusable   N/A       N/A         1
 Sublimation of Blood     Necr           Unusable   N/A       N/A         2
 Call Canine Familiar     Summ           Unusable   N/A       N/A         3
 Summon Guardian Golem    Hex/Summ       Unusable   N/A       N/A         3
 Summon Hydra             Summ           Unusable   N/A       N/A         7

Dungeon Overview and Level Annotations

Branches:
Dungeon (8/15)             Temple (1/1) D:7           Sewer (visited)
   Lair: D:8-11

Altars:
Ashenzari
Cheibriados
Dithmenos
Elyvilon
Gozag
Hepliaklqana
Kikubaaqudgha
Makhleb
Nemelex Xobeh
Okawaru
Ru
Sif Muna
Trog
Uskayaw
Vehumet
Wu Jian
Xom
Yredelemnul
Zin
The Shining One


Innate Abilities, Weirdness & Mutations

You are immune to sickness and miasma.
Your stone body is resilient. (AC +7)
You are immune to poison.
You resist negative energy. (rN+)
You are resistant to electric shocks. (rElec)
You are resistant to unholy torment.
You are immune to petrification.
Your mind is acute. (Int +2)
You are robust. (+10% HP)


Message History

Okawaru accepts your kill.
An orc comes into view. It is wielding a +0 dagger.
You sock the orc!
You kill the orc!
You barely miss the orc. The orc misses you.
You barely miss the orc.
A two-headed ogre comes into view. It is wielding two +0 giant clubs.
The orc hits you but does no damage. x2
You bludgeon the orc!!
You kill the orc!
Okawaru accepts your kill. You block the orc's attack.
You barely miss the orc. The orc hits you but does no damage.
You barely miss the two-headed ogre. You block the two-headed ogre's attack.
The two-headed ogre hits you with a +0 giant club!
You hit the two-headed ogre.
The two-headed ogre is lightly wounded.
The two-headed ogre hits you with a +0 giant club!!
The two-headed ogre hits you with a +0 giant club!
* * * LOW HITPOINT WARNING * * *
You feel much better.
The two-headed ogre completely misses you.
The two-headed ogre hits you with a +0 giant club!
As you read the scroll of fear, it crumbles to dust.
You assume a fearsome visage.
The two-headed ogre easily resists.
The orc looks frightened!
Aiming: Polymorph
Press: ? - help, Shift-Dir - straight line, f - two-headed ogre
Aim: a two-headed ogre, wielding two +0 giant clubs (will become a spriggan, a black bear, or a faun, chance to affect: 31%)
Okay, then.
Unknown command.
As you read the scroll of teleportation, it crumbles to dust.
You feel strangely unstable.
The two-headed ogre hits you with a +0 giant club!!
* * * LOW HITPOINT WARNING * * *
The two-headed ogre closely misses you.
The two-headed ogre attacks as you move away!
You block the two-headed ogre's attack.
The two-headed ogre hits you with a +0 giant club!!
You die...

#.###..#..##.#..#.##..#.. #.....
#.#..###...##.#..#..###.# #.....
####..#.)#..##.#....?#..###.....
#.)###.##.).##.#..###... ....
###..#..#..#..##.#.)#..## ....
#..###.##.##...##.)##)..# ...
#...').#..#..#..##.))!#...#... #
##.########################... .
##......^.......@O.............
. ...#.#############............
...#.# #...).....$#### .....#
###..#.o......... ...###
##....o..........#
.....##########......#..........
..##......#........####..)..#.#
..#######...######## ##)####
..###.....######## #.#


You could see a two-headed ogre and an orc (fleeing).

Vanquished Creatures
  Pikel (D:4)
  Joseph (D:7)
  Prince Ribbit (D:7)
  A yak (D:8)
  A wraith (D:8)
  A steam dragon (D:8)
  Menkaure (D:7)
  3 ice beasts
  An orc warrior (D:7)
  A black bear (D:7)
  3 ogres
  A lemure (D:4)
  2 centaurs
  4 scorpions
  A bullfrog (D:7)
  2 necrophages
  5 wights
  7 killer bees (D:8)
  A jelly (D:5)
  3 gnoll shamans (D:8)
  4 hounds
  4 iguanas
  Ijyb (D:3)
  6 orc wizards
  A hell rat (Sewer)
  6 gnolls
  4 adders
  A river rat (Sewer)
  4 white imps
  5 ufetubi
  A worm (D:4)
  2 dart slugs
  35 orcs
  8 endoplasms
  7 giant cockroaches
  7 goblins
  5 hobgoblins
  2 jackals (D:2)
  11 quokkas
  6 ball pythons
  5 bats
  2 frilled lizards (D:1)
  9 kobolds
  14 rats
191 creatures vanquished.

Vanquished Creatures (others)
  A gnoll (D:8)
1 creature vanquished.

Grand Total: 192 creatures vanquished

Notes
Turn   | Place    | Note
-------+----------+-------------------------------------------
     0 | D:1      | hquester the Gargoyle Fighter began the quest for the Orb.
     0 | D:1      | Reached XP level 1. HP: 14/14 MP: 1/1
   313 | D:1      | Reached XP level 2. HP: 13/19 MP: 2/2
   647 | D:1      | Found a faded altar of an unknown god.
   930 | D:1      | Reached XP level 3. HP: 19/23 MP: 3/3
  1217 | D:2      | Reached skill level 1 in Short Blades
  1224 | D:2      | HP: 1/23 [rat (3)]
  2137 | D:3      | Reached XP level 4. HP: 29/29 MP: 4/4
  2138 | D:3      | Identified the +6 rapier of Dagorphu {speed, Will+}
  2172 | D:3      | Found a glowing silver altar of Zin.
  2519 | D:3      | Found a shadowy altar of Dithmenos.
  2726 | D:3      | Noticed Ijyb
  2745 | D:3      | Killed Ijyb
  2746 | D:3      | Reached skill level 2 in Short Blades
  3065 | D:4      | Noticed Pikel
  3065 | D:4      | Noticed a lemure
  3065 | D:4      | Noticed a lemure
  3065 | D:4      | Noticed a lemure
  3065 | D:4      | Noticed a lemure
  3191 | D:4      | Reached XP level 5. HP: 10/33 MP: 5/5
  3477 | D:4      | Killed a lemure
  3556 | D:4      | Reached skill level 3 in Short Blades
  3556 | D:4      | Reached skill level 1 in Dodging
  3556 | D:4      | Reached XP level 6. HP: 36/38 MP: 6/6
  3603 | D:4      | Found a bloodstained altar of Trog.
  3742 | D:4      | Gained mutation: Your body sometimes deteriorates upon
                  | taking damage. [potion of mutation]
  3742 | D:4      | Gained mutation: Your muscles are strong. (Str +2) [potion
                  | of mutation]
  3742 | D:4      | Gained mutation: Your mind is acute. (Int +2) [potion of
                  | mutation]
  3742 | D:4      | Gained mutation: Your mind is very acute. (Int +4) [potion
                  | of mutation]
  3817 | D:4      | Killed Pikel
  3818 | D:4      | Reached skill level 4 in Short Blades
  3818 | D:4      | Reached skill level 1 in Stealth
  3818 | D:4      | Reached XP level 7. HP: 37/44 MP: 7/7
  3935 | D:5      | Entered Level 5 of the Dungeon
  3940 | D:5      | Reached skill level 5 in Fighting
  3940 | D:5      | Reached skill level 5 in Short Blades
  3998 | D:5      | Reached XP level 8. HP: 36/49 MP: 8/8
  4257 | D:5      | Found a glowing drain.
  4269 | D:5      | Reached skill level 5 in Shields
  4274 | Sewer    | Entered a sewer
  4318 | Sewer    | Reached skill level 6 in Short Blades
  4393 | D:5      | Lost mutation: Your body sometimes deteriorates upon taking
                  | damage. [potion of mutation]
  4393 | D:5      | Lost mutation: Your muscles are strong. (Str +2) [potion of
                  | mutation]
  4393 | D:5      | Lost mutation: Your mind is very acute. (Int +4) [potion of
                  | mutation]
  4393 | D:5      | Gained mutation: You are robust. (+10% HP) [potion of
                  | mutation]
  5114 | D:6      | Reached skill level 5 in Armour
  5180 | D:6      | Reached skill level 7 in Short Blades
  5401 | D:6      | Reached XP level 9. HP: 60/60 MP: 9/9
  5632 | D:6      | Found a shimmering blue altar of Sif Muna.
  5781 | D:7      | Noticed Joseph
  5784 | D:7      | Noticed Prince Ribbit
  5786 | D:7      | Noticed Menkaure
  5799 | D:7      | Killed Joseph
  5800 | D:7      | Reached skill level 8 in Short Blades
  5807 | D:7      | Killed Menkaure
  5826 | D:7      | Killed Prince Ribbit
  6394 | D:7      | HP: 1/61 [orc warrior/+0 trident (20)]
  6940 | D:7      | Found a staircase to the Ecumenical Temple.
  6951 | Temple   | Entered the Ecumenical Temple
  7015 | Temple   | Became a worshipper of Warmaster Okawaru
  7177 | D:8      | Reached skill level 9 in Short Blades
  7177 | D:8      | Reached XP level 10. HP: 41/67 MP: 10/10
  7487 | D:8      | Identified the +10 flail of Ypnuj {venom, rN+ rCorr Str+4}
  7830 | D:8      | Reached * piety under Okawaru
  7881 | D:8      | Reached skill level 1 in Maces & Flails
  8020 | D:8      | Noticed a two-headed ogre
  8036 | D:8      | Mangled by a two-headed ogre

Illustrated notes

Levels and vault maps discovered:
D:1:      scummos_arrival_star, layout_basic,
          shapermc_ecumenical_altar_totnotflames, minmay_misc_feat_room
D:2:      layout_basic
D:3:      layout_basic, mainiacjoe_overflow_small_starburst,
          mainiacjoe_overflow_chevrons, uniq_ijyb
D:4:      layout_gridville, lemuel_tele_altar, uniq_pikel
D:5:      layout_basic, gup_sewer_entry_pipe, serial_corexii_hall,
          corexii_hall_statues_deadend, chequers_hall_statues_y,
          chequers_decorated_corner
D:6:      layout_gridville, nicolae_sif_muna_little_library
D:7:      layout_loops_ring, minmay_temple_entry_fiery, uniq_joseph,
          uniq_menkaure, uniq_prince_ribbit1
D:8:      minmay_razor_zed, layout_rooms, minivault_14
Temple:   nicolae_temple_x_marks_the_god

Skill      XL: |  1  2  3  4  5  6  7  8  9 10 |
---------------+-------------------------------+-----
Shields        | 4 5 6 |  6.0
Short Blades   | 1 2 3 4 5 7 9 |  9.5
Fighting       | 4 5 6 7 |  7.4
Armour         | 4 5 6 7 |  7.0
Dodging        | 1 2 |  2.4
Stealth        | 1 2 |  2.0
Maces & Flails | 1 |  1.0
Long Blades    | |  1.8

Action                   |  1- 3 |  4- 6 |  7- 9 | 10-12 || total
-------------------------+-------+-------+-------+-------++-------
Melee: Rapier            |   179 |   107 |   332 |    58 ||   676
       Flail             |       |       |       |    48 ||    48
  Use: Scroll            |     4 |     5 |     3 |     3 ||    15
       Potion            |       |    11 |     4 |     2 ||    17
Armor: Scale mail        |   112 |    31 |       |       ||   143
       Chain mail        |       |     3 |   109 |    68 ||   180
       Skin              |       |       |    10 |       ||    10
Dodge: Dodged            |    95 |    32 |    56 |    41 ||   224
Block: Buckler           |    47 |    24 |    51 |    26 ||   148

Table legend: (Time is in decaauts)
 A = Elapsed time spent in this place.
 B = Non-inter-level travel time spent in this place.
 C = Inter-level travel time spent in this place.
 D = Time resting spent in this place.
 E = Time spent auto-exploring this place.
 F = Levels seen in this place.
 G = Mean time per level.
                   A        B        C        D        E       F      G
               +--------+--------+--------+--------+--------+-----+--------+
         Total |   7907 |   7892 |     15 |    623 |   4383 |  10 |  790.7 |
       Dungeon |   7739 |   7724 |     15 |    623 |   4383 |   8 |  967.4 |
        Temple |     68 |     68 |      0 |      0 |      0 |   1 |   68.0 |
         Sewer |     99 |     99 |      0 |      0 |      0 |   1 |   99.0 |
               +--------+--------+--------+--------+--------+-----+--------+

Top non-repeatable levels by time:
     D:7: 1265 daAuts
     D:1: 1157 daAuts
     D:5: 1012 daAuts
     D:3: 992 daAuts
     D:2: 977 daAuts
     D:8: 885 daAuts
     D:4: 794 daAuts
     D:6: 653 daAuts
   Sewer: 99 daAuts
  Temple: 68 daAuts
